Map: Givre EC

Players

PGnem - Winner!

  • Race: Zerg Zerg
  • League: Diamond

Worming

  • Race: Zerg Zerg
  • League: Diamond

VOD

Have the link to the VOD?

Description

Time

  • Played on: Oct. 1, 2016, 9:49 a.m.
  • Length: 2:20
Show
View Real Time Build Order
Export as new Build Order

PGnem Zerg - Winner!

Build Orders: Pool Only 

Get SALT Encoding   

  12  0:19  Spawning Pool  
  11  0:24  Drone  
  12  0:30  Drone  
  13  0:36  Drone  
  14  0:44  Overlord  
  14  1:07  Zergling x6  
  17  1:30  Zergling x4  
  19  2:07  Spine Crawler  
  17  2:09  Spine Crawler  
  17  2:11  Spine Crawler  
Show
View Real Time Build Order
Export as new Build Order

Worming Zerg 

Build Orders: Hatch First 

Get SALT Encoding   

  12  0:01  Drone  
  13  0:12  Overlord  
  13  0:17  Drone  
  14  0:31  Drone x2  
  14  0:35  Drone  
  17  0:54  Hatchery  
  16  0:59  Drone x2  
  18  1:06  Extractor  
  17  1:15  Spawning Pool  
  17  1:17  Drone  
  17  1:21  Drone  
  18  1:35  Drone  
  19  1:42  Overlord  
  18  2:16  Spine Crawler  
Tags
 
Add a new tag
Caveats
  • Supply blocks, unpowered buildings, or Contaminate may cause inaccurate times.
  • Supply counts are checked every 10 seconds.